 Dungeon Crawl Stone Soup version 0.28.0-53-g5a82cb258f (webtiles) character file.

Game seed: 16760980342069416001

483 DemonSlayer the Firebug (level 6, -3/42 HPs)
             Began as a Demonspawn Fire Elementalist on Aug 20, 2022.
             Was an Initiate of Cheibriados.
             Slain by a gnoll sergeant
             ... wielding a +0 trident
              (7 damage)
             ... on level 5 of the Dungeon.
             The game lasted 00:12:29 (7045 turns).

DemonSlayer the Firebug (DsFE)                      Turns: 7045, Time: 00:12:30

Health: -3/42      AC:  4    Str:  9    XL:     6   Next: 88%
Magic:  12/12      EV: 12    Int: 19    God:    Cheibriados [......]
Gold:   165        SH:  0    Dex: 15    Spells: 3/13 levels left

rFire   + . .      SeeInvis .   f - +1 dagger (elec)
rCold   . . .      Faith    .   (no shield)
rNeg    . . .      Spirit   .   e - +2 robe {Will+}
rPois   .          Reflect  .   (no helmet)
rElec   .          Harm     .   (no cloak)
rCorr   .          Rampage  .   (no gloves)
Will    +....                   (no boots)
Stlth   ++........              (no amulet)
HPRegen 0.14/turn               d - ring of protection from fire
MPRegen 0.26/turn               b - ring of wizardry

@: flying, slow
A: magic regeneration, demonic magic 1
a: Renounce Religion


You were on level 5 of the Dungeon.
You worshipped Cheibriados.
Cheibriados was noncommittal.
You visited 2 branches of the dungeon, and saw 6 of its levels.

You collected 253 gold pieces.
You spent 88 gold pieces at shops.

Inventory:

Hand Weapons
 f - a +1 dagger of electrocution (weapon)
Armour
 e - a +2 robe of willpower (worn)
 m - a +2 robe of cold resistance
Jewellery
 a - a ring of protection from cold
 b - a ring of wizardry (right hand)
 d - a ring of protection from fire (left hand)
Scrolls
 c - a scroll of identify
 o - a scroll of enchant armour
Potions
 g - a potion of lignification
 p - a potion of brilliance


   Skills:
 + Level 0.8 Fighting
 + Level 1.5(1.6) Short Blades
 + Level 0.2(1.0) Long Blades
 + Level 2.2 Dodging
 + Level 3.0 Stealth
 + Level 0.3 Unarmed Combat
 + Level 4.1 Spellcasting
 + Level 2.0 Conjurations
 + Level 4.4 Fire Magic


You had 3 spell levels left.
You knew the following spells:

 Your Spells              Type           Power      Damage    Failure   Level
a - Foxfire               Conj/Fire      64%        2x1d7     1%          1
b - Scorch                Fire           40%        2d7       1%          2
c - Conjure Flame         Conj/Fire      16%        6-21      4%          3
d - Flame Wave            Conj/Fire      16%        2d6       14%         4

Your spell library contained the following spells:

 Spells                   Type           Power      Damage    Failure   Level
 Inner Flame              Hex/Fire       12%        N/A       6%          3
 Ensorcelled Hibernation  Hex/Ice        6%         N/A       9%          2
 Passwall                 Tmut/Erth      2%         N/A       9%          2
 Swiftness                Air            3%         N/A       16%         3


Dungeon Overview and Level Annotations

Branches:
Dungeon (5/15)             Temple (1/1) D:4

Altars:
Cheibriados
Dithmenos
Fedhas
Gozag
Makhleb
Nemelex Xobeh
Qazlal
Ru
Sif Muna
Trog
Uskayaw
Vehumet
Zin

Shops:
D:1 [[(


Innate Abilities, Weirdness & Mutations

You regenerate magic rapidly.
Spells you cast may paralyse adjacent enemies.


Message History

The centaur zombie is almost destroyed.
The centaur zombie barely misses you.
The centaur zombie kicks you but does no damage.
You hit the centaur zombie.
The centaur zombie is almost destroyed.
The centaur zombie hits you. The centaur zombie misses you.
You hit the centaur zombie.
Lightning courses through the centaur zombie!
You destroy the centaur zombie!
Cheibriados appreciates the change of pace.
Your Spellcasting skill increases to level 4!
The gnoll sergeant misses you.
Flames lash the gnoll sergeant.
The gnoll sergeant is lightly wounded.
The gnoll sergeant's fire resistance burns away.
Malevolent energies surge around you.
You hear a shout! x2
The gnoll sergeant hits you from afar with a +0 trident!
You don't have enough magic to cast this spell.
The gnoll sergeant closely misses you.
You don't have enough magic to cast this spell.
You hit the gnoll sergeant but do no damage.
Lightning courses through the gnoll sergeant!
The gnoll sergeant is heavily wounded.
The gnoll sergeant hits you with a +0 trident!
Magic courses through your body.
The gnoll sergeant hits you with a +0 trident!
It was a potion of flight.
You feel very buoyant.
You fly up into the air.
The gnoll sergeant is no longer more vulnerable to fire.
The gnoll sergeant misses you.
Okay, then.
Okay, then.
The gnoll sergeant hits you from afar with a +0 trident!
* * * LOW HITPOINT WARNING * * *
Okay, then.
Okay, then.
The gnoll sergeant hits you from afar with a +0 trident!
You die...

##...(..........##
##.....#......##
#######.####.# #.#
#.# #. #.#####.#
#......)#
##..##### ##..#
#.@.## #.#..#
#.##g## #. #g.# #.
##.# .. #g# .# #.#
# #...# ...##


You could see a gnoll sergeant and 2 gnolls.

Vanquished Creatures
  A phantom (D:5)
  2 scorpions
  A centaur zombie (D:5)
  2 hounds
  Terence (D:2)
  7 gnolls
  4 adders
  2 dart slugs
  A worm (D:2)
  4 orcs
  8 endoplasms
  4 giant cockroaches
  6 goblins
  3 hobgoblins
  4 quokkas
  7 ball pythons
  5 bats
  A frilled lizard (D:2)
  7 kobolds
  3 rats
73 creatures vanquished.

Vanquished Creatures (others)
  178 foxfires
178 creatures vanquished.

Grand Total: 251 creatures vanquished

Notes
Turn   | Place    | Note
-------+----------+-------------------------------------------
     0 | D:1      | DemonSlayer the Demonspawn Fire Elementalist began the
                  | quest for the Orb.
     0 | D:1      | Reached XP level 1. HP: 13/13 MP: 3/3
   249 | D:1      | Found Wysuhyuj's Antique Armour Shoppe.
   774 | D:1      | Found Dilucly's Antique Weapon Shop.
   782 | D:1      | Gained mutation: You regenerate magic rapidly. [demonic
                  | ancestry]
   782 | D:1      | Reached XP level 2. HP: 19/19 MP: 1/5
   785 | D:1      | Learned a level 2 spell: Scorch
  1004 | D:1      | Found Baevvusu's Antique Armour Shoppe.
  1792 | D:2      | Reached XP level 3. HP: 13/24 MP: 1/6
  2191 | D:2      | Identified the +1 plate armour "Xouleg" {-Tele *Corrode
                  | Regen+ Stlth+}
  3233 | D:2      | Learned a level 3 spell: Conjure Flame
  3653 | D:1      | Bought a glowing robe for 88 gold pieces
  4015 | D:3      | Reached XP level 4. HP: 25/30 MP: 2/7
  4490 | D:3      | Noticed Terence
  4494 | D:3      | Noticed a scorpion
  4509 | D:2      | Killed Terence
  4510 | D:2      | Reached skill level 1 in Short Blades
  4737 | D:2      | Learned a level 2 spell: Ensorcelled Hibernation
  4823 | D:3      | Killed a scorpion
  4824 | D:3      | Gained mutation: Spells you cast may paralyse adjacent
                  | enemies. [demonic ancestry]
  4824 | D:3      | Reached XP level 5. HP: 35/35 MP: 2/9
  5506 | D:3      | Learned a level 4 spell: Flame Wave
  5951 | D:4      | Reached XP level 6. HP: 41/41 MP: 6/11
  6039 | D:4      | Found a staircase to the Ecumenical Temple.
  6055 | Temple   | Entered the Ecumenical Temple
  6156 | Temple   | Became a worshipper of Cheibriados the Contemplative
  6511 | D:5      | Entered Level 5 of the Dungeon
  6524 | D:4      | HP: 2/42 [gnoll/+0 club (5)]
  7045 | D:5      | Slain by a gnoll sergeant

Illustrated notes

Levels and vault maps discovered:
D:1:      dpeg_arrival_yet_another_circle, layout_basic, serial_shops,
          shop_fountains, shop, shop
D:2:      layout_basic
D:3:      layout_loops_ring, uniq_terence
D:4:      layout_gridville, temple_statues
D:5:      layout_rooms
Temple:   regret_index_temple_mists

Skill      XL: |  1  2  3  4  5  6 |
---------------+-------------------+-----
Fire Magic     | 3 4 |  4.4
Stealth        | 2 3 |  3.0
Short Blades   | 1 |  1.5
Dodging        | 2 |  2.2
Spellcasting   | 3 4 |  4.1
Conjurations   | 2 |  2.0
Fighting       | |  0.8
Long Blades    | |  0.2
Unarmed Combat | |  0.3

Action                   |  1- 3 |  4- 6 || total
-------------------------+-------+-------++-------
Melee: Unarmed           |    22 |       ||    22
       Punch             |     2 |     1 ||     3
       Short sword       |       |    23 ||    23
       Long sword        |       |     7 ||     7
       Dagger            |       |    19 ||    19
 Cast: Foxfire           |    87 |    21 ||   108
       Scorch            |    18 |    32 ||    50
  Use: Scroll            |       |    11 ||    11
       Potion            |       |     4 ||     4
 Stab: Paralysed         |       |     9 ||     9
       Sleeping          |       |     2 ||     2
Armor: Robe              |     9 |    14 ||    23
Dodge: Dodged            |    22 |    34 ||    56
